 Dungeon Crawl Stone Soup version 0.17-a0-1468-gbf503c2 (webtiles) character file.

1021597 WhatIsLove the Annihilator (level 27, 0/176 HPs)
             Began as a Gargoyle Air Elementalist on June 30, 2015.
             Was the Champion of Vehumet.
             Blown up by an ancient lich (116 damage)
             ... with an orb of destruction
             ... on level 22 of a ziggurat on July 2, 2015.
             The game lasted 12:18:42 (119273 turns).

WhatIsLove the Annihilator (GrAE)                 Turns: 119273, Time: 12:18:42

Health: 0/176      AC: 41    Str: 16    XL:     27
Magic:  50/60      EV: 26    Int: 32    God:    Vehumet [******]
Gold:   10352      SH: 16    Dex: 15    Spells: 14 memorised, 1 level left

rFire  + . .     SeeInvis +     q - staff of energy
rCold  + + .     Rnd*Rage +     L - +2 robe {Archmagi}
rNeg   + + +     SustAt   .     g - +0 shield {rN+}
rPois  ∞         Gourm    .     y - +1 helmet of Xaciro {Int+8}
rElec  +         Spirit   .     c - +4 dragonskin cloak
rCorr  .         Warding  .     D - +2 pair of gloves of Dotit {rPois Stlth+}
rMut   .         Stasis   .     s - +2 pair of boots
MR     ++...                    e - amulet of Suspicion {rElec Regen+ Str+2 Stlth+}
Stlth  ++++++++++               w - ring of Shadows {Umbra +Inv rN+ SInv}
                                V - ring of magical power

@: flying, wreathed by umbra, deflect missiles, very resistant to hostile
enchantments, uncannily stealthy
A: big wings, repulsion field 1, large bone plates 1, agile 1, berserk 1, blurry
vision 1, cold resistance 1, deterioration 1, negative energy resistance 1,
electricity resistance, spit poison 1, unbreathing, petrification resistance,
rot immunity, AC +20
a: Spit Poison, Stop Flying, Renounce Religion, Evoke Invisibility
}: 7/15 runes: serpentine, barnacled, slimy, silver, golden, icy, abyssal


You were on level 22 of a ziggurat.
You worshipped Vehumet.
Vehumet was exalted by your worship.
You were full.

You visited 15 branches of the dungeon, and saw 74 of its levels.
You visited the Abyss 1 time.
You visited 1 ziggurat, and saw 22 of its levels.
You also visited: Labyrinth, Ice Cave, Volcano and Wizlab.

You collected 13998 gold pieces.
You spent 2311 gold pieces at shops.

Inventory:

Hand weapons
 b - a +9 morningstar of holy wrath
 f - the +9 morningstar of the Crawling Thing {speed, rC++}
   (You found it on level 3 of the Tomb of the Ancients)

   Attacks with this weapon are significantly faster.
   It greatly protects you from cold.
Armour
 c - the +4 dragonskin cloak (worn)
   (You took it off Tiamat on level 1 of the Realm of Zot)
 g - a +0 shield of positive energy (worn)
 s - a +2 pair of boots (worn)
 y - the +1 helmet of Xaciro (worn) {Int+8}
   (You took it off Robin on level 3 of the Dungeon)

   It affects your intelligence (+8).
 D - the +2 pair of gloves of Dotit (worn) {rPois Stlth+}
   (You acquired it on level 2 of the Realm of Zot)

   It protects you from poison.
   It makes you more stealthy.
 L - a +2 robe of the Archmagi (worn)
Magical staves
 a - an uncursed staff of power
 q - an uncursed staff of energy (weapon)
Jewellery
 e - the amulet of Suspicion (around neck) {rElec Regen+ Str+2 Stlth+}
   (You bought it in a shop on level 2 of the Shoals)

   [amulet of regeneration]

   It affects your strength (+2).
   It insulates you from electricity.
   It increases your rate of regeneration.
   It makes you more stealthy.
 w - the ring of Shadows (right hand) {Umbra +Inv rN+ SInv}
   (You found it on level 3 of the Elven Halls)

   [ring of invisibility]

   It protects you from negative energy.
   It lets you see invisible.
   It lets you turn invisible.
 B - the ring of the Mage {Wiz MR++ Int+3}
   (You found it on level 18 of a ziggurat)

   [ring of wizardry]

   It improves your spell success rate.
   It affects your intelligence (+3).
   It affects your resistance to hostile enchantments.
 R - the ring "Luosung Xeta" {rPois rF+++ Int+3 Dex-5 Slay-3}
   (You found it on level 7 of a ziggurat)

   [ring of poison resistance]

   It affects your intelligence (+3).
   It affects your dexterity (-5).
   It affects your accuracy and damage with ranged weapons and melee attacks
   (-3).
   It renders you almost immune to fire.
   It protects you from poison.
 V - a ring of magical power (left hand)
Magical devices
 u - a wand of teleportation (5)
 K - a wand of heal wounds (5)
 T - a wand of hasting (3)
 Z - a wand of heal wounds (7)
Scrolls
 d - 3 scrolls of enchant armour
 h - 14 scrolls of blinking
 m - 44 scrolls of teleportation
 o - 3 scrolls of immolation
 p - 37 scrolls of remove curse
 C - 4 scrolls of enchant weapon
 G - 14 scrolls of magic mapping
 M - 7 scrolls of holy word
 P - 26 scrolls of recharging
 Q - 7 scrolls of identify
 X - 6 scrolls of fog
Potions
 l - 6 potions of cure mutation
 n - a potion of might
 r - 5 potions of haste
 v - 33 potions of curing
 F - 12 potions of agility
 H - 6 potions of brilliance
 I - 3 potions of magic
 Y - 6 potions of resistance
Miscellaneous
 j - a lantern of shadows
 k - a box of beasts
 t - 4 phantom mirrors
 x - a fan of gales
 z - a sack of spiders
 A - a legendary deck of changes {the Mercenary}
 E - a phial of floods
 N - an ornate deck of defence {drawn: 2}
 S - a legendary deck of summoning {Water, drawn: 1}
 W - a box of beasts
Comestibles
 i - 52 fruits
 O - 25 meat rations
 U - 2 royal jellies


   Skills:
 * Level 19.0 Fighting
 + Level 15.4 Maces & Flails
 + Level 0.8(10.4) Staves
 + Level 6.2 Armour
 * Level 17.4 Dodging
 + Level 16.3 Stealth
 + Level 16.7 Shields
 + Level 24.6 Spellcasting
 O Level 27 Conjurations
 * Level 5.9 Charms
 + Level 1.7 Summonings
 + Level 7.5 Translocations
 + Level 2.5 Transmutations
 * Level 24.6 Fire Magic
 + Level 16.1 Air Magic
 * Level 20.0 Earth Magic
   Level 5.7 Poison Magic
 * Level 10.3 Evocations


You had one spell level left.
You knew the following spells:

 Your Spells              Type           Power        Failure   Level  Hunger
a - Shock                 Conj/Air       ####         0%          1    None
b - Fire Storm            Conj/Fire      ########..   1%          9    None
c - Spellforged Servitor  Conj/Summ      ########..   1%          7    None
d - Lightning Bolt        Conj/Air       ########..   0%          5    None
e - Deflect Missiles      Chrm/Air       ########..   1%          6    None
f - Lehudib's Crystal Sp  Conj/Erth      ########..   1%          8    None
g - Chain Lightning       Conj/Air       ########..   1%          8    None
h - Lee's Rapid Deconstr  Erth           ########..   0%          5    None
i - Passage of Golubria   Tloc           N/A          1%          4    None
j - Ring of Flames        Chrm/Fire      ########..   1%          7    None
l - Phase Shift           Tloc           #######...   1%          5    None
m - Conjure Ball Lightni  Conj/Air       ########..   1%          6    None
n - Apportation           Tloc           #######...   1%          1    None
o - Stoneskin             Trmt/Erth      ########     0%          2    None


Dungeon Overview and Level Annotations

Branches:
Dungeon (15/15)            Temple (1/1) D:5            Lair (8/8) D:8
 Shoals (4/4) Lair:5        Snake (4/4) Lair:6        Slime (6/6) Lair:6
    Orc (4/4) D:10            Elf (3/3) Orc:4        Vaults (5/5) D:14
  Crypt (3/3) Vaults:2       Tomb (3/3) Crypt:3      Depths (5/5) D:15
   Hell (1/1)                 Dis (0/7) Hell            Coc (7/7) Hell
    Tar (0/7) Hell            Zot (5/5) Depths:5
    Geh: Hell:1

Altars:
Ashenzari
Cheibriados
Dithmenos
Elyvilon
Fedhas
Gozag
Kikubaaqudgha
Makhleb
Nemelex Xobeh
Okawaru
Qazlal
Ru
Sif Muna
Trog
Vehumet
Xom
Yredelemnul
Zin
The Shining One
Jiyva

Shops:
D:8 [   D:11 (!   D:12 (   Orc:2 *   Orc:4 =((*   Elf:2 *   Shoals:2 =
Shoals:3 [   Snake:3 *   Vaults:1 =   Vaults:3 (

Portals:
Hell: Depths:1 Depths:2 Depths:3 Depths:4 Depths:5
Abyss: Depths:4
Pandemonium: Depths:3 Depths:4
Trove: Vaults:4 (give +3 storm dragon armour)

Annotations:
D:4 Multipenetrator's ghost, experienced MiFi
Elf:2 3 runed doors
Depths:3 6 runed doors


Innate Abilities, Weirdness & Mutations

You are resistant to torment.
Your stone body is resilient (AC +20).
You are immune to poison.
Your large and strong wings let you fly indefinitely.
You resist negative energy.
You are resistant to electric shocks.
You can survive without breathing.
You are immune to petrification.
You are immune to rotting.
You are surrounded by a mild repulsion field (EV +2).
You are partially covered in large bone plates (AC +2, SH +2).
You are agile. (Dex +2)
You tend to lose your temper in combat.
Scrolls take you a little longer to read.
Your flesh is cold resistant.
Your body sometimes deteriorates upon taking damage.
You can spit weak poison.


Message History

A tengu reaver comes into view. It is wielding a battleaxe of freezing.
Unknown command.
A fire giant comes into view.
It is wielding a great sword of flaming.
A crystal spear appears from out of your range of vision.
The crystal spear hits your fire vortex.
Your fire vortex dissipates!
The tengu reaver is engulfed in roaring flames.
The tengu reaver points at you and mumbles some strange words.
The fireball explodes!
The fireball engulfs your fire vortex.
Your fire vortex completely resists.
The fireball engulfs your fire vortex.
Your fire vortex completely resists.
The fireball engulfs the tengu reaver.
The tengu reaver dies!
The golden dragon is engulfed in roaring flames.
The golden dragon bites your fire vortex!
Your fire vortex dissipates!
The orb of destruction hits you!
Ouch! That really hurt!
You die...

......§§§§v....▓
§.....§vv......▓▓
......§§§.......▓
......§§v..§§.§.▓▓
§..§§§v§.D.§§v§..▓
§§÷v§.§§.C§vv§§..▓
...§v§v.§Dvvv§v..▓
§..vv.....§§§v§..▓
###§§§....§§§§§§9▓▓
#...÷.....§§§§§∩..▓
###.........v.v..▓▓
Z§Z..............▓
.............v...▓
.................▓
.................▓
...............▓▓
...............▓


You could see 2 golden dragons and a fire giant (wandering).

Vanquished Creatures
  Antaeus (Coc:7)
  the royal jelly (Slime:6)
  10 ancient liches
  Tiamat (Zot:1)
  2 orbs of fire
  28 greater mummies
  Frederick (Crypt:1)
  16 shard shrikes
  Margery (Crypt:3)
  Vashnia (Snake:2)
  3 caustic shrikes (Depths:2)
  The ghost of ololoev the Impaler, a great FoSk of Fedhas (Vaults:4)
  Geryon (Hell)
  19 golden dragons
  14 bone dragons
  2 electric golems
  Jorgrun (Shoals:2)
  16 liches
  20 tentacled monstrosities
  A Cloud Mage (WizLab)
  Rupert (D:12)
  9 Orb Guardians (Zot:5)
  8 Ice Fiends (Coc:7)
  Asterion (Vaults:1)
  3 deep elf blademasters (Elf:3)
  3 titans
  A deep elf master archer (Elf:3)
  A kraken (Shoals:4)
  2 quicksilver dragons
  Polyphemus (Shoals:4)
  10 tentacled starspawn
  Gastronok (Lair:3)
  8 sphinxes
  An octopode crusher (Depths:1)
  2 thorn hunters
  Agnes (Snake:4)
  Frances (D:13)
  8 shadow dragons
  33 acid blobs
  7 tengu reavers
  18 storm dragons
  33 ancient champions
  Roxanne (Snake:3)
  A daeva (Zig:8)
  5 draconian monks
  9 fire giants
  Ilsuiw (Shoals:4)
  15 azure jellies
  9 greater nagas
  16 revenants
  A corrupter (Zig:14)
  15 frost giants
  Donald (Elf:3)
  Maud (D:10)
  15 deep elf sorcerers
  4 draconian knights
  An iron dragon (Vaults:4)
  4 draconian scorchers
  Aizul (Snake:3)
  17 curse skulls
  2 caustic shrike zombies (Depths:4)
  2 ghost moths (Zot:2)
  15 reapers
  17 vault wardens
  A cacodemon (Abyss:3)
  4 draconian zealots
  4 balrugs
  4 draconian shifters
  4 angels (Zig:8)
  3 draconian annihilators
  20 ironheart preservers
  3 ghouls
  29 stone giants
  3 war gargoyles
  3 spriggan defenders (Depths:3)
  3 caustic shrike skeletons
  21 very ugly things
  5 elemental wellsprings
  17 vampire knights
  3 salamander firebrands (Hell)
  10 deep elf demonologists
  6 draconian callers
  2 apis (Zig:8)
  The ghost of CipHuK the Nimble, a powerful KoEn of Kikubaaqudgha (Lair:4)
  A lorocyproca (Hell)
  6 green draconians
  The ghost of pulse the Severer, a powerful FoBe of Trog (IceCv)
  6 purple draconians
  7 red draconians
  Azrael (Snake:3)
  A salamander stormcaller (Vaults:2)
  6 white draconians
  12 black draconians
  12 deep elf annihilators
  13 yellow draconians
  20 eidola
  7 mottled draconians
  2 green deaths
  13 blizzard demons
  24 ettins
  Snorg (D:11)
  A minotaur (Lab)
  3 merfolk javelineers
  28 mummy priests
  The ghost of HEYYEYAAE the Fighter, a powerful TrFi of Ru (Orc:2)
  13 deep elf death magi
  27 great orbs of eyes
  35 vault guards
  11 merfolk impalers
  8 jiangshi
  Josephine (Orc:2)
  4 quicksilver dragon zombies
  15 entropy weavers
  10 death oozes
  2 deep elf high priests (Elf:3)
  20 fire dragons
  10 death cobs
  21 yaktaur captains
  4 rakshasas
  An entropy weaver (shapeshifter) (Vaults:5)
  39 ice dragons
  Fannar (Orc:2)
  A kraken zombie (Hell)
  8 naga warriors
  3 catoblepae
  A great orb of eyes (shapeshifter) (D:13)
  A hell beast (Hell)
  33 hydras
  4 spriggan air magi
  3 quicksilver dragon skeletons
  4 death knights
  5 merfolk avatars
  6 merfolk aquamancers
  2 dancing weapons (Elf:2)
  18 anacondas
  An alligator snapping turtle (Shoals:4)
  A satyr (Shoals:4)
  24 ogre magi
  5 ghost crabs
  3 alligators
  15 deep troll earth magi
  3 tengu warriors
  15 centaur warriors
  20 deep troll shamans
  A hell hog (Zig:16)
  7 shock serpents
  A death yak (shapeshifter) (Vaults:2)
  11 spriggan berserkers
  10 vampire magi
  23 naga sharpshooters
  17 deep elf knights
  6 thrashing horrors
  12 death yaks
  5 titan zombies
  The ghost of Fluffy the Ruffian, an experienced TrTm of Cheibriados (D:8)
  5 orc high priests
  3 spriggans
  31 hell knights
  Sonja (D:14)
  20 large abominations
  A shock serpent (shapeshifter) (Depths:2)
  35 skeletal warriors
  4 wretched stars
  4 sun demons
  A death drake (Zot:1)
  8 shadow wraiths
  3 titan skeletons
  4 salamander mystics (Snake:4)
  3 spatial maelstroms
  8 anaconda zombies
  8 iron trolls
  4 unseen horrors
  18 death scarabs
  A cherub (Zig:8)
  12 giant orange brains
  2 fire crabs (Vaults:3)
  An unseen horror (shapeshifter) (Depths:2)
  6 soul eaters
  4 storm dragon skeletons
  A ghost moth zombie (Coc:7)
  31 deep trolls
  2 golden dragon zombies
  2 spriggan druids
  7 hill giants
  21 ice devils
  11 flayed ghosts
  8 deep elf summoners
  8 swamp dragons
  4 naga ritualists
  6 sea snakes
  4 lindwurms (Snake:4)
  3 ice statues
  5 shambling mangroves
  An obsidian statue (Zig:20)
  A tengu zombie (Depths:2)
  21 phantasmal warriors
  23 harpies
  2 shadow dragon zombies (Depths:4)
  24 deep elf conjurers
  6 mana vipers
  A wizard (Vaults:3)
  5 ball lightnings
  21 ironbrand convokers
  72 ugly things
  A cyclops (shapeshifter) (Vaults:5)
  A lindwurm (shapeshifter) (Elf:2)
  3 iron dragon zombies
  3 tengu skeletons
  A mana viper (shapeshifter) (Elf:2)
  26 necromancers
  8 orc sorcerers
  An anaconda skeleton (Coc:7)
  2 stone giant zombies
  22 orc knights
  3 oklob plants (Zig:17)
  A water nymph (shapeshifter) (Vaults:5)
  A shining eye (shapeshifter) (Vaults:5)
  30 anubis guards
  A worldbinder (Abyss:3)
  24 griffons
  4 frost giant zombies
  3 shadow dragon skeletons
  4 salamanders
  A manticore (shapeshifter) (D:13)
  23 manticores
  5 iron dragon skeletons
  7 shining eyes
  5 fauns (Shoals:3)
  3 fire giant zombies
  6 water nymphs
  8 wolf spiders
  14 cyclopes
  6 hornets
  4 fire giant skeletons
  20 naga magi
  20 elephants
  An elephant (shapeshifter) (Vaults:5)
  A hornet (shapeshifter) (Depths:3)
  A rust devil (Zig:4)
  Maurice (D:14)
  50 black mambas
  12 sirens
  10 guardian serpents
  3 stone giant skeletons
  27 moths of wrath
  A dire elephant zombie (Coc:2)
  2 frost giant skeletons
  A shock serpent zombie (Coc:7)
  14 vault sentinels
  A torpor snail (shapeshifter) (Vaults:4)
  5 titan simulacra (Coc:7)
  3 torpor snails
  A storm dragon simulacrum (Coc:7)
  10 smoke demons
  2 gargoyles
  A molten gargoyle (Volcano)
  An efreet (D:15)
  An orange crystal statue (Elf:1)
  5 eyes of devastation
  15 spiny frogs
  3 apocalypse crabs
  A centaur skeleton (D:14)
  2 dire elephant skeletons
  2 orange demons
  A black mamba (shapeshifter) (Vaults:4)
  A catoblepas zombie (Crypt:2)
  3 kobold demonologists
  3 hellions
  11 komodo dragons
  A yaktaur zombie (Depths:1)
  A demonic crawler (Abyss:3)
  2 human zombies
  A shock serpent skeleton (Tomb:1)
  3 anaconda simulacra
  An iron troll zombie (Crypt:3)
  70 yaktaurs
  7 tormentors
  A komodo dragon (shapeshifter) (Vaults:3)
  14 ancient zymes
  30 freezing wraiths
  3 elf skeletons (Depths:4)
  2 death drake zombies
  47 guardian mummies
  7 hydra zombies
  A queen ant zombie (Crypt:2)
  2 harpy zombies
  An entropy weaver zombie (Crypt:1)
  3 fire drakes
  A redback zombie (Crypt:3)
  21 blue devils
  7 red devils
  2 tengu conjurers (Depths:4)
  7 giant leeches
  A minotaur zombie (Crypt:2)
  15 trolls
  5 jumping spiders
  9 wind drakes
  26 merfolk
  2 mottled draconian skeletons
  15 deep elf priests
  A polar bear (Lair:5)
  A minotaur skeleton (Crypt:3)
  2 bog bodies
  A harpy skeleton (Coc:1)
  3 ice dragon zombies
  10 raiju
  113 slime creatures
  A spriggan zombie (Depths:1)
  7 boulder beetles
  A griffon zombie (Crypt:1)
  A wind drake (shapeshifter) (Depths:2)
  3 hydra skeletons
  33 two-headed ogres
  31 air elementals
  16 blink frogs
  A blink frog (shapeshifter) (Zig:7)
  4 ettin zombies
  20 ushabtiu
  An alligator zombie (Coc:7)
  A deep troll zombie (D:15)
  A jumping spider zombie (Crypt:3)
  An iron dragon simulacrum (Crypt:2)
  3 fire dragon zombies
  A trapdoor spider zombie (D:13)
  13 snapping turtles
  A trapdoor spider (Lab)
  17 wraiths
  58 flying skulls
  27 redbacks
  4 ice dragon skeletons
  An alligator skeleton (Crypt:3)
  A centaur simulacrum (D:15)
  44 starcursed masses
  A frost giant simulacrum (Coc:7)
  5 ynoxinuls
  33 deep elf magi
  A fire bat (Volcano)
  4 vampires
  15 water elementals
  A tarantella (Vaults:4)
  4 spriggan skeletons
  4 fire dragon skeletons
  6 wyverns
  5 ettin skeletons
  2 human simulacra (Vaults:2)
  8 shadows
  8 golden eyes
  3 elf zombies
  A human (D:3)
  Eustachio (D:4)
  A dire elephant simulacrum (Crypt:2)
  9 chaos spawn
  5 hungry ghosts
  10 fire elementals
  6 wolves
  5 basilisks
  A basilisk (shapeshifter) (Vaults:2)
  38 nagas
  81 yaks
  18 hippogriffs
  4 steam dragons
  37 deep elf fighters
  29 vampire mosquitoes
  10 wargs
  Edmund (D:4)
  An emperor scorpion simulacrum (Coc:7)
  A yaktaur simulacrum (Vaults:2)
  4 spiny frog zombies
  15 neqoxecs
  2 hydra simulacra
  4 insubstantial wisps (WizLab)
  9 mottled dragons
  3 spatial vortices (Abyss:3)
  A harpy simulacrum (Abyss:3)
  An entropy weaver simulacrum (Depths:1)
  18 water moccasins
  19 hell hounds
  50 orc warriors
  3 spiny frog skeletons
  2 black bears
  4 swamp drakes
  9 wasps
  7 eyes of draining
  2 swamp dragon zombies
  24 ice beasts
  3 phantoms
  92 ogres
  12 porcupines
  2 ettin simulacra
  4 sky beasts
  22 crocodiles
  6 boggarts
  35 centaurs
  A hog zombie (Crypt:3)
  2 necrophages (D:8)
  A snapping turtle skeleton (Coc:7)
  2 brain worms (shapeshifter)
  14 giant frogs
  Blork the orc (D:5)
  A big kobold (shapeshifter) (Vaults:5)
  7 big kobolds
  A spiny frog simulacrum (Hell)
  A human skeleton (Vaults:2)
  A water moccasin skeleton (D:12)
  2 wyvern skeletons
  4 scorpions
  11 small abominations
  32 wights
  3 killer bees (D:12)
  9 centaur zombies
  13 crimson imps
  2 giant frog zombies
  4 lava snakes (Volcano)
  45 jellies
  A basilisk zombie (Crypt:2)
  7 hounds
  51 orc priests
  An iron imp (Zig:4)
  3 giant frog skeletons
  38 orc wizards
  4 quasits
  18 iguanas
  A killer bee zombie (D:9)
  15 worker ants
  37 sheep
  2 hound zombies
  42 mummies
  Robin (D:3)
  14 adders
  A tengu simulacrum (Crypt:3)
  45 river rats
  2 shadow imps
  8 white imps
  An ufetubus (Abyss:3)
  2 giant eyeballs
  An ooze (shapeshifter) (Vaults:5)
  An ooze (D:3)
  An iguana skeleton (Crypt:2)
  2 worms
  4 adder skeletons
  7 giant geckos
  200 orcs
  2 ball pythons (D:4)
  2 bat skeletons
  5 giant cockroaches
  29 goblins
  18 hobgoblins
  34 kobolds
  3 quokkas
  22 bats
  5 giant newts
  A goblin skeleton (D:3)
  7 jackals
  A kobold skeleton (D:3)
  An orc zombie (Crypt:2)
  2 quokka skeletons
  A quokka zombie (D:8)
  19 rats
  A rat zombie (Crypt:1)
  A river rat zombie (Crypt:2)
  3 briar patches (Zig:17)
  A butterfly (Lair:8)
  5 crawling corpses
  36 fire vortices
  14 fungi
  A lost soul (Crypt:1)
  40 plants
  6 starspawn tentacles
  3 starspawn tentacle segments (Abyss:3)
  2 tentacles
  2 tentacle segments (Hell)
4561 creatures vanquished.

Vanquished Creatures (collateral kills)
  2 ancient liches
  2 greater mummies
  Saint Roka (Depths:1)
  The ghost of ztt the Shatterer, a mighty OgFi of Okawaru (Vaults:3)
  2 golden dragons
  A Brimstone Fiend (Zig:11)
  3 liches
  A tentacled monstrosity (Zig:17)
  An Ice Fiend (Coc:7)
  An Orb Guardian (Zot:5)
  2 titans
  An acid blob (Zig:6)
  4 ancient champions
  A daeva (Zig:8)
  A fire giant (Zig:13)
  A frost giant (Depths:4)
  3 vault wardens
  An iron dragon (Zig:13)
  A curse skull (Zig:5)
  2 ghouls
  2 draconian zealots
  4 vampire knights
  An ironheart preserver (Zig:13)
  A very ugly thing (Depths:3)
  2 reapers (Zig:11)
  2 stone giants
  An apis (Zig:8)
  2 yellow draconians
  A white draconian (Zig:14)
  A red draconian (Zot:4)
  A vault guard (Vaults:3)
  3 fire dragons
  A yaktaur captain (Zig:13)
  2 ice dragons
  A vampire mage (Zig:15)
  2 soul eaters
  2 thrashing horrors (Zig:16)
  A skeletal warrior (Hell)
  An iron troll (Depths:5)
  A death scarab (Tomb:3)
  A swamp dragon (Zig:17)
  A shambling mangrove (Zig:12)
  3 ball lightnings
  A wolf spider (Vaults:3)
  An ugly thing (Zig:2)
  A hornet (shapeshifter) (Zig:13)
  An ironbrand convoker (Zig:13)
  A sphinx zombie (Zig:11)
  An orc sorcerer (Zig:9)
  An anubis guard (Tomb:1)
  A sixfirhy (Zig:16)
  A moth of wrath (Zot:3)
  2 hornets
  An elephant (Lair:1)
  A stone giant skeleton (Depths:1)
  3 yaktaurs
  3 spiny frogs
  A hellion (Zig:11)
  A komodo dragon (Zig:17)
  2 ancient zymes
  An anaconda simulacrum (Coc:7)
  A hydra zombie (Coc:7)
  A freezing wraith (Vaults:3)
  A blink frog (Zig:14)
  An alligator zombie (Coc:7)
  4 slime creatures
  2 ushabtiu
  An ettin zombie (Zig:4)
  2 flying skulls
  5 starcursed masses
  4 redbacks
  A water elemental (Coc:3)
  A wraith (Zig:11)
  A deep elf fighter (Zig:13)
  3 vampire mosquitoes
  2 neqoxecs
  An insubstantial wisp (WizLab)
  A spiny frog zombie (Coc:7)
  2 hydra simulacra (Coc:7)
  A wasp (Zig:12)
  An ogre (Depths:4)
  A small abomination (Abyss:3)
  A centaur (Depths:4)
  7 jellies
  2 mummies (Tomb:3)
  2 white imps
  3 orcs
  11 briar patches (Zig:17)
  29 fire vortices
185 creatures vanquished.

Vanquished Creatures (others)
  3 eldritch tentacles (Coc:7)
  A tengu reaver (Zig:22)
  An ancient champion (Tomb:2)
  A revenant (Tomb:2)
  2 vault wardens
  5 stone giants
  A mottled draconian (Zot:4)
  An ogre mage (Vaults:1)
  A minotaur (Tomb:1)
  2 deep elf high priests (Vaults:5)
  29 death scarabs
  An anaconda zombie (Hell)
  A spriggan druid (Zig:17)
  1647 ball lightnings
  A moth of wrath (Zot:5)
  A yaktaur (Vaults:3)
  A wind drake (WizLab)
  A slime creature (Zig:17)
  5 flying skulls (Tomb:2)
  2 water elementals
  An insubstantial wisp (Zig:17)
  A wasp (Zig:17)
  8 mummies
  An ogre simulacrum (Coc:7)
  A white imp (Coc:7)
  A hobgoblin (D:3)
  220 eldritch tentacle segments
  999 fire vortices
  30 fungi
  5 lost souls
  A lurking horror (Abyss:3)
  25 plants
  16 starspawn tentacles
  478 starspawn tentacle segments
  6 tentacles
  19 tentacle segments
  4 toadstools (D:1)
3523 creatures vanquished.

Grand Total: 8269 creatures vanquished

Notes
Turn   | Place    | Note
--------------------------------------------------------------
     0 | D:1      | WhatIsLove the Gargoyle Air Elementalist began the quest for the Orb.
     0 | D:1      | Reached XP level 1. HP: 10/10 MP: 3/3
   120 | D:1      | Reached XP level 2. HP: 10/15 MP: 3/5
   885 | D:1      | Reached XP level 3. HP: 19/19 MP: 2/6
  1117 | D:2      | Learned a level 3 spell: Static Discharge
  2182 | D:2      | Reached skill level 3 in Spellcasting
  2312 | D:2      | Learned a level 2 spell: Repel Missiles
  2360 | D:2      | Reached XP level 4. HP: 24/24 MP: 1/8
  2830 | D:3      | Noticed Robin
  3093 | D:3      | Killed Robin
  3097 | D:3      | Got a polished helmet
  3109 | D:3      | Identified the +1 helmet of Xaciro {Int+8} (You took it off Robin on level 3 of the Dungeon)
  3173 | D:3      | Found a bloodstained altar of Trog.
  3175 | D:3      | Found a blossoming altar of Fedhas.
  3178 | D:3      | Found a basalt altar of Yredelemnul.
  3178 | D:3      | Found an iron altar of Okawaru.
  3180 | D:3      | Found a snail-covered altar of Cheibriados.
  3180 | D:3      | Found a shimmering altar of Xom.
  3181 | D:3      | Found a sparkling altar of Nemelex Xobeh.
  3411 | D:3      | Reached XP level 5. HP: 24/28 MP: 0/10
  3427 | D:3      | Noticed a phantom
  3614 | D:3      | Killed a phantom
  3614 | D:3      | Reached skill level 4 in Spellcasting
  3614 | D:3      | Reached XP level 6. HP: 24/33 MP: 1/12
  3735 | D:3      | Found a runed door.
  3735 | D:3      | Noticed a human
  3738 | D:3      | Found a basalt altar of Yredelemnul.
  3904 | D:3      | Killed a human
  3904 | D:3      | Reached skill level 1 in Fighting
  4227 | D:4      | Found an iron altar of Okawaru.
  4265 | D:4      | Noticed Multipenetrator's ghost (experienced MiFi)
  4288 | D:4      | Reached XP level 7. HP: 38/38 MP: 8/14
  4546 | D:4      | Noticed Eustachio
  4552 | D:4      | Killed Eustachio
  4778 | D:4      | Reached skill level 5 in Spellcasting
  4827 | D:4      | Noticed Edmund
  4838 | D:4      | Killed Edmund
  5202 | D:5      | Entered Level 5 of the Dungeon
  5232 | D:5      | Noticed Blork the orc
  5245 | D:5      | Killed Blork the orc
  5245 | D:5      | Reached XP level 8. HP: 23/43 MP: 9/16
  5469 | D:5      | Learned a level 5 spell: Lightning Bolt
  5496 | D:5      | Found a burning altar of Makhleb.
  6005 | D:5      | Found a staircase to the Ecumenical Temple.
  6036 | D:5      | Reached skill level 6 in Spellcasting
  6059 | Temple   | Entered the Ecumenical Temple
  6183 | Temple   | Became a worshipper of Vehumet
  6848 | D:6      | Reached skill level 5 in Conjurations
  7507 | D:6      | Found a shadowy altar of Dithmenos.
  8302 | D:7      | Reached skill level 5 in Air Magic
  8372 | D:7      | Reached XP level 9. HP: 48/48 MP: 11/19
  8522 | D:7      | Acquired Vehumet's first power
  8522 | D:7      | Offered knowledge of Magic Dart by Vehumet.
  8525 | D:7      | Reached skill level 7 in Spellcasting
  9795 | D:8      | Offered knowledge of Sting by Vehumet.
  9808 | D:8      | Found a staircase to the Lair.
  9896 | D:8      | Noticed Fluffy's ghost (experienced TrTm)
  9910 | D:8      | Found Jynge's Armour Shop.
 10557 | D:8      | Reached skill level 1 in Maces & Flails
 11029 | D:8      | Reached skill level 8 in Spellcasting
 11239 | D:9      | Reached XP level 10. HP: 53/53 MP: 15/22
 11243 | D:9      | Offered knowledge of Stone Arrow by Vehumet.
 11637 | D:9      | Found an ancient bone altar of Kikubaaqudgha.
 11742 | D:9      | Acquired Vehumet's second power
 11767 | D:9      | Learned a level 3 spell: Stone Arrow
 11777 | D:9      | Found a glowing golden altar of the Shining One.
 12387 | D:9      | Offered knowledge of Mephitic Cloud by Vehumet.
 12393 | D:9      | Learned a level 3 spell: Mephitic Cloud
 12397 | D:9      | Learned a level 2 spell: Swiftness
 12645 | D:10     | Entered Level 10 of the Dungeon
 12645 | D:10     | Noticed Maud
 12813 | D:10     | Reached skill level 9 in Spellcasting
 13537 | D:11     | Acquired Vehumet's third power
 13554 | D:11     | Found Lorasouf's Weapon Boutique.
 13558 | D:11     | Found a labyrinth entrance.
 13567 | D:11     | Reached XP level 11. HP: 58/58 MP: 15/24
 13784 | D:11     | Offered knowledge of Iskenderun's Mystic Blast by Vehumet.
 13820 | Lab      | Entered a labyrinth
 14390 | Lab      | Noticed a minotaur
 14405 | Lab      | Killed a minotaur
 14405 | Lab      | Reached skill level 10 in Spellcasting
 14464 | Lab      | Identified the Disquisition on Heat and Attacks
 14524 | Lab      | Identified a +2 rod of shadows (14/14) (You found it in a labyrinth)
 14604 | D:11     | Noticed a centaur warrior
 14621 | D:11     | Killed a centaur warrior
 14621 | D:11     | Reached skill level 10 in Conjurations
 14621 | D:11     | Reached skill level 1 in Earth Magic
 14790 | D:11     | Noticed a cyclops
 14872 | D:11     | Killed a cyclops
 14903 | D:11     | Noticed Snorg
 14916 | D:11     | Killed Snorg
 14916 | D:11     | Reached skill level 1 in Poison Magic
 15081 | D:11     | Noticed a five-headed hydra
 15502 | D:11     | Found a shimmering altar of Xom.
 15502 | D:11     | Found a shimmering altar of Xom.
 15503 | D:11     | Found a shimmering altar of Xom.
 15509 | D:11     | Found a shimmering altar of Xom.
 15510 | D:11     | Found a shimmering altar of Xom.
 15525 | D:11     | Noticed a hill giant
 15539 | D:11     | Killed a hill giant
 16328 | D:11     | Found a shimmering altar of Xom.
 16329 | D:11     | Found a shimmering altar of Xom.
 16443 | D:11     | Found Maaher's Distillery.
 16555 | D:11     | Bought a potion of mutation for 37 gold pieces
 16555 | D:11     | Bought a potion of haste for 150 gold pieces
 16555 | D:11     | Bought a potion of heal wounds for 75 gold pieces
 16555 | D:11     | Bought a potion of cancellation for 120 gold pieces
 16555 | D:11     | Bought a potion of curing for 45 gold pieces
 16721 | D:12     | Reached XP level 12. HP: 64/64 MP: 19/26
 16846 | D:12     | Found Sotrazer's Antique Weapon Shoppe.
 17044 | D:12     | Found a frozen archway.
 17048 | D:12     | Noticed Rupert
 17052 | IceCv    | Entered an ice cave
 17052 | IceCv    | Noticed pulse's ghost (powerful FoBe)
 17061 | IceCv    | Killed pulse's ghost
 17061 | IceCv    | Reached skill level 11 in Conjurations
 17450 | IceCv    | Reached skill level 5 in Dodging
 17984 | IceCv    | Noticed an ice dragon
 17985 | IceCv    | Noticed an ice dragon
 18015 | IceCv    | Killed an ice dragon
 18278 | IceCv    | Killed an ice dragon
 18300 | IceCv    | Got a vibrating bone ring
 18302 | IceCv    | Identified the ring "Mifamepp" {MR+ Int+3} (You found it in an ice cave)
 18566 | D:12     | Killed Rupert
 18779 | D:12     | Offered knowledge of Freezing Cloud by Vehumet.
 18811 | D:12     | Noticed a tengu warrior
 18881 | D:12     | Killed a tengu warrior
 18881 | D:12     | Reached skill level 12 in Conjurations
 18916 | D:12     | Noticed an orc knight
 18924 | D:12     | Noticed a skeletal warrior
 19172 | D:11     | Killed a five-headed hydra
 19241 | D:10     | Reached XP level 13. HP: 68/68 MP: 28/28
 19308 | D:10     | Killed Maud
 19536 | D:10     | Killed an unseen horror
 19572 | D:10     | Noticed a three-headed hydra
 19578 | D:10     | Killed a three-headed hydra
 19777 | D:10     | Found a staircase to the Orcish Mines.
 20005 | Lair:1   | Entered Level 1 of the Lair of Beasts
 21562 | Lair:2   | Reached skill level 1 in Evocations
 21930 | Lair:2   | Reached skill level 13 in Conjurations
 22364 | Lair:2   | Gained mutation: Your large and strong wings let you fly indefinitely. [Gargoyle growth]
 22364 | Lair:2   | Reached XP level 14. HP: 76/76 MP: 29/30
 22720 | Lair:3   | Offered knowledge of Bolt of Fire by Vehumet.
 22840 | Lair:3   | Reached skill level 10 in Air Magic
 23087 | Lair:3   | Noticed Gastronok
 23096 | Lair:3   | Killed Gastronok
 24290 | Lair:4   | Noticed CipHuK's ghost (powerful KoEn)
 24319 | Lair:4   | Killed CipHuK's ghost
 25135 | Lair:5   | Offered knowledge of Lee's Rapid Deconstruction by Vehumet.
 25469 | Lair:5   | Found a staircase to the Shoals.
 25788 | Lair:5   | Learned a level 5 spell: Lee's Rapid Deconstruction
 27021 | Lair:6   | Found a staircase to the Snake Pit.
 27681 | Lair:6   | Found a staircase to the Slime Pits.
 27681 | Lair:6   | Found a viscous altar of Jiyva.
 27800 | Lair:6   | Found a snail-covered altar of Cheibriados.
 28925 | Lair:8   | Entered Level 8 of the Lair of Beasts
 29215 | Lair:7   | Reached XP level 15. HP: 72/80 MP: 19/32
 29215 | Lair:7   | Offered knowledge of Poison Arrow by Vehumet.
 29227 | Lair:7   | Reached skill level 14 in Conjurations
 29662 | Lair:8   | Got a faintly humming scale mail
 29760 | Lair:8   | Identified the +1 scale mail of the Armadillo {rPois rCorr} (You found it on level 8 of the Lair of Beasts)
 31923 | Lair:8   | Got a dazzling hand crossbow
 32641 | D:12     | Killed an orc knight
 32641 | D:12     | Reached skill level 15 in Conjurations
 33042 | D:13     | Noticed Frances
 33042 | D:13     | Noticed Maurice
 33213 | D:14     | Killed Maurice
 33443 | D:13     | Killed Frances
 33450 | D:13     | Noticed an eight-headed hydra
 33455 | D:13     | Killed an eight-headed hydra
 33648 | D:13     | Found an ancient bone altar of Kikubaaqudgha.
 33988 | D:13     | Reached XP level 16. HP: 83/86 MP: 25/34
 34517 | D:13     | Noticed a yaktaur captain
 34519 | D:13     | Reached skill level 15 in Spellcasting
 34520 | D:13     | Killed a yaktaur captain
 34520 | D:13     | Offered knowledge of Delayed Fireball by Vehumet.
 34726 | D:13     | Noticed a yaktaur captain
 34729 | D:13     | Killed a yaktaur captain
 36046 | D:14     | Noticed Sonja
 36048 | D:14     | Killed Sonja
 36100 | D:14     | Learned a level 4 spell: Passage of Golubria
 36244 | D:14     | Found a gate to the Vaults.
 36458 | D:15     | Entered Level 15 of the Dungeon
 36709 | D:15     | Found a burning altar of Makhleb.
 37141 | D:15     | Reached skill level 5 in Fighting
 37771 | D:15     | Found a staircase to the Depths.
 37778 | D:15     | Offered knowledge of Poisonous Cloud by Vehumet.
 37842 | D:15     | Learned a level 6 spell: Poisonous Cloud
 38001 | D:15     | Upgraded the game from 0.17-a0-1450-g7e755d1 to 0.17-a0-1468-gbf503c2
 38127 | D:15     | Reached XP level 17. HP: 92/92 MP: 34/36
 38135 | D:15     | Reached skill level 16 in Conjurations
 39197 | D:12     | Killed a skeletal warrior
 39287 | D:12     | Got a steaming blowgun
 39288 | D:12     | Identified the +3 blowgun "Omobb" {evade, rElec Int+2} (You found it on level 12 of the Dungeon)
 39450 | D:12     | Identified a scroll of acquirement
 39574 | Lair:1   | Learned a level 3 spell: Ignite Poison
 39580 | Lair:1   | Learned a level 5 spell: Phase Shift
 39595 | D:8      | Killed Fluffy's ghost
 39738 | Orc:1    | Entered Level 1 of the Orcish Mines
 39928 | Orc:2    | Noticed Fannar
 39932 | Orc:2    | Offered knowledge of Conjure Ball Lightning by Vehumet.
 39935 | Orc:2    | Killed Fannar
 39967 | Orc:2    | Noticed Josephine
 39969 | Orc:2    | Killed Josephine
 39973 | Orc:2    | Noticed HEYYEYAAE's ghost (powerful TrFi)
 39979 | Orc:2    | Reached skill level 1 in Translocations
 40085 | Orc:2    | Killed HEYYEYAAE's ghost
 40400 | Orc:2    | Found Hesch's General Store.
 40409 | Orc:2    | Bought a scroll of magic mapping for 49 gold pieces
 40409 | Orc:2    | Bought a potion of heal wounds for 70 gold pieces
 40409 | Orc:2    | Bought a scroll of teleportation for 42 gold pieces
 41288 | Orc:3    | Paralysed by an orc sorcerer for 4 turns
 42356 | Orc:4    | Entered Level 4 of the Orcish Mines
 42364 | Orc:4    | Found a dark tunnel.
 42388 | Volcano  | Entered a volcano
 42651 | Volcano  | Found a burning altar of Makhleb.
 43396 | Orc:4    | Found a staircase to the Elven Halls.
 43572 | Orc:4    | Learned a level 6 spell: Conjure Ball Lightning
 44330 | Orc:4    | Found Waelixi's Antique Weapon Shop.
 44330 | Orc:4    | Found Ylyd's General Store.
 44330 | Orc:4    | Found Qadodd's Weapon Boutique.
 44333 | Orc:4    | Found Reiwayp's Jewellery Shop.
 44346 | Orc:4    | Bought a scroll of torment for 120 gold pieces
 44841 | Elf:1    | Entered Level 1 of the Elven Halls
 45463 | Elf:1    | Offered knowledge of Lehudib's Crystal Spear by Vehumet.
 45463 | Elf:1    | Offered knowledge of Fire Storm by Vehumet.
 45463 | Elf:1    | Offered knowledge of Shatter by Vehumet.
 45465 | Elf:1    | Reached skill level 1 in Fire Magic
 46671 | Elf:2    | Found a deep blue altar of Sif Muna.
 47009 | Elf:2    | Found Ajefrac's General Store.
 47135 | Elf:2    | Found a runed gate.
 47135 | Elf:2    | Found a runed gate.
 47135 | Elf:2    | Found a runed gate.
 47463 | Elf:3    | Entered Level 3 of the Elven Halls
 47466 | Elf:3    | Reached XP level 18. HP: 84/96 MP: 37/38
 47467 | Elf:3    | Reached skill level 5 in Earth Magic
 47789 | Elf:3    | Noticed a deep elf blademaster
 47792 | Elf:3    | Noticed Donald
 47792 | Elf:3    | Killed a deep elf blademaster
 47795 | Elf:3    | Killed Donald
 48124 | Elf:3    | Reached skill level 17 in Conjurations
 48271 | Elf:3    | Noticed a deep elf master archer
 48273 | Elf:3    | Killed a deep elf master archer
 48288 | Elf:3    | Noticed a deep elf blademaster
 48292 | Elf:3    | Killed a deep elf blademaster
 48767 | Elf:3    | Noticed a deep elf blademaster
 48767 | Elf:3    | Reached skill level 1 in Transmutations
 48767 | Elf:3    | Killed a deep elf blademaster
 48767 | Elf:3    | Reached skill level 5 in Poison Magic
 49444 | Elf:3    | Reached skill level 1 in Shields
 49482 | Elf:3    | Reached skill level 5 in Shields
 49841 | Elf:3    | Identified a +6 rod of destruction (9/9) (You found it on level 3 of the Elven Halls)
 50842 | Snake:1  | Entered Level 1 of the Snake Pit
 50971 | Snake:1  | Reached XP level 19. HP: 101/101 MP: 40/40
 52188 | Snake:2  | Noticed Vashnia
 52193 | Snake:2  | Killed Vashnia
 52474 | Snake:2  | Found a bloodstained altar of Trog.
 53046 | Snake:2  | Reached skill level 10 in Shields
 53672 | Snake:3  | Noticed Azrael
 53675 | Snake:3  | Killed Azrael
 53790 | Snake:3  | Found Nonirr's Assorted Antiques.
 53799 | Snake:3  | Bought a pair of embroidered boots for 193 gold pieces
 53799 | Snake:3  | Bought a scroll of remove curse for 129 gold pieces
 54282 | Snake:3  | Noticed Roxanne
 54312 | Snake:3  | Noticed Aizul
 54315 | Snake:3  | Killed Aizul
 54322 | Snake:3  | Killed Roxanne
 54331 | Snake:3  | Identified Roxanne's Compendium of Transformation and Intoxication (You took it off Roxanne on level 3 of the Snake Pit)
 54974 | Snake:4  | Entered Level 4 of the Snake Pit
 55096 | Snake:4  | Noticed Agnes
 55097 | Snake:4  | Killed Agnes
 55097 | Snake:4  | Reached skill level 10 in Earth Magic
 55462 | Snake:4  | Reached XP level 20. HP: 60/106 MP: 41/41
 56284 | Snake:4  | Got a heavily runed buckler
 56295 | Snake:4  | Identified the +0 buckler "Tytuam" {Dex+3} (You found it on level 4 of the Snake Pit)
 56317 | Snake:4  | Learned a level 8 spell: Lehudib's Crystal Spear
 57076 | Snake:4  | Got a serpentine rune of Zot
 57300 | Shoals:1 | Entered Level 1 of the Shoals
 57317 | Shoals:1 | Got a bloodstained scale mail
 57976 | Lair:5   | Identified the +1 scale mail of Sorcery {Dex+2} (You found it on level 1 of the Shoals)
 58519 | Shoals:2 | Found Fudapry's Jewellery Shoppe.
 58522 | Shoals:2 | Bought the amulet of Suspicion {rElec Regen+ Str+2 Stlth+} for 1020 gold pieces
 58525 | Shoals:2 | Noticed Jorgrun
 58530 | Shoals:2 | Killed Jorgrun
 58578 | Shoals:2 | Reached skill level 18 in Spellcasting
 59451 | Shoals:3 | Found Veomiqor's Antique Armour Emporium.
 59461 | Shoals:3 | Bought an encrusted ring mail for 261 gold pieces
 59482 | Shoals:3 | Identified the +6 ring mail of Ukhleofopt {Str+7 Slay+3} (You bought it in a shop on level 3 of the Shoals)
 60466 | Shoals:4 | Entered Level 4 of the Shoals
 60473 | Shoals:4 | Reached XP level 21. HP: 112/112 MP: 43/43
 60489 | Shoals:4 | Noticed Ilsuiw
 60616 | Shoals:4 | Noticed Polyphemus
 60725 | Shoals:4 | Killed Polyphemus
 60825 | Shoals:4 | Killed Ilsuiw
 61001 | Shoals:4 | Reached skill level 5 in Fire Magic
 61007 | Shoals:4 | Reached skill level 5 in Translocations
 61419 | Shoals:4 | Got a glittering ruby amulet
 61421 | Shoals:4 | Identified the amulet of Vynkam {Stasis +Inv Slay+5} (You found it on level 4 of the Shoals)
 61450 | Shoals:4 | Learned a level 1 spell: Apportation
 61665 | Shoals:4 | Got a barnacled rune of Zot
 61776 | Shoals:4 | Got a brightly glowing battleaxe
 62078 | Shoals:4 | Identified the Papyrus of Stones and Moulding
 62155 | Shoals:4 | Learned a level 2 spell: Stoneskin
 62291 | Slime:1  | Entered Level 1 of the Pits of Slime
 63494 | Slime:6  | Entered Level 6 of the Pits of Slime
 63725 | Slime:6  | Noticed the royal jelly
 63728 | Slime:6  | Killed the royal jelly
 63728 | Slime:6  | Reached XP level 22. HP: 69/122 MP: 35/44
 64640 | Slime:6  | Identified Ceidyarph's Catalogue of Hexes and the Rocks
 64669 | Slime:6  | Got a heavily runed plate armour
 64680 | Slime:6  | Identified the +1 plate armour of the Fiend {rC+++ MR+} (You found it on level 6 of the Pits of Slime)
 64758 | Slime:6  | Identified Diozxossok's Grimoire of Enchantment
 64786 | Slime:6  | Got a slimy rune of Zot
 64810 | Slime:6  | Got a slimy chain mail
 64822 | Slime:6  | Identified the +3 chain mail "Siul" {MR+} (You found it on level 6 of the Pits of Slime)
 65225 | Lair:1   | Got a translucent cloak
 65236 | Lair:1   | Identified the +1 cloak of Cafyciomn {rF++} (You acquired it on level 1 of the Lair of Beasts)
 65487 | Vaults:1 | Entered Level 1 of the Vaults
 65496 | Vaults:1 | Reached skill level 5 in Stealth
 65726 | Vaults:1 | Found Ytobosit's Jewellery Shop.
 65939 | Vaults:1 | Noticed Asterion
 65942 | Vaults:1 | Killed Asterion
 66959 | Vaults:1 | Reached skill level 19 in Spellcasting
 67297 | Vaults:1 | Learned a level 6 spell: Deflect Missiles
 68080 | Vaults:2 | Reached skill level 10 in Dodging
 68239 | Vaults:2 | Found a staircase to the Crypt.
 68280 | Vaults:2 | Reached XP level 23. HP: 130/130 MP: 46/46
 68949 | Vaults:2 | Reached skill level 1 in Charms
 69237 | Vaults:3 | Reached skill level 10 in Fire Magic
 69256 | Vaults:3 | Noticed ztt's ghost (mighty OgFi)
 69310 | Vaults:3 | Killed ztt's ghost
 69589 | Vaults:3 | Found Refreu's Weapon Boutique.
 71741 | Vaults:4 | Found a portal to a secret trove of treasure.
 71885 | Vaults:4 | Reached XP level 24. HP: 119/136 MP: 46/46
 72021 | Vaults:4 | Noticed ololoev's ghost (great FoSk)
 72032 | Vaults:4 | Killed ololoev's ghost
 72553 | Vaults:4 | Reached skill level 15 in Fire Magic
 73436 | Vaults:4 | Got a scorched shield
 73447 | Vaults:4 | Identified the -7 shield "Puozileh" {+Inv rCorr Int+4} (You acquired it on level 4 of the Vaults)
 73459 | Vaults:5 | Entered Level 5 of the Vaults
 73467 | Vaults:5 | Reached skill level 10 in Fighting
 74272 | Vaults:5 | Reached XP level 25. HP: 54/143 MP: 46/46
 74417 | Vaults:5 | Reached skill level 10 in Stealth
 74417 | Vaults:5 | Paralysed by a sphinx for 5 turns
 74965 | Vaults:5 | Reached skill level 20 in Spellcasting
 75945 | Vaults:5 | Got a silver rune of Zot
 76781 | Crypt:1  | Entered Level 1 of the Crypt
 77021 | Vaults:2 | Learned a level 9 spell: Fire Storm
 77858 | Crypt:1  | Got a brightly glowing robe
 77886 | Crypt:1  | Identified the +1 robe of Roxo Fou {rPois Int+5 Dex+2} (You found it on level 1 of the Crypt)
 78042 | Crypt:1  | Noticed Frederick
 78049 | Crypt:1  | Killed Frederick
 78691 | Crypt:2  | Found a magical portal.
 78697 | WizLab   | Entered The Chambers of Heheqo Fegi the Cloud Mage
 79223 | WizLab   | Identified the Papyrus of Destructive Weightlessness
 79233 | WizLab   | Identified Diososeh's Tome of Lightness and Arcane Weapons
 80435 | Crypt:3  | Entered Level 3 of the Crypt
 80449 | Crypt:3  | Reached XP level 26. HP: 94/151 MP: 47/47
 80462 | Crypt:3  | Noticed Margery
 80631 | Crypt:3  | Killed Margery
 82089 | Crypt:3  | Found a staircase to the Tomb.
 82535 | Crypt:3  | Found an ancient bone altar of Kikubaaqudgha.
 82539 | Crypt:3  | Found a basalt altar of Yredelemnul.
 82701 | Tomb:1   | Entered Level 1 of the Tomb of the Ancients
 83256 | Tomb:1   | Drew Focus: Int increased to 24, Dex decreased to 12
 83258 | Tomb:1   | Hired Mogil the minotaur for 1110 gold.
 83260 | Tomb:1   | Gained mutation: You are partially covered in icy blue scales (AC +1). [helix card]
 83262 | Tomb:1   | Hired Arphi the big kobold for 89 gold.
 83264 | Tomb:1   | Lost mutation: You are partially covered in icy blue scales (AC +1). [helix card]
 83356 | Tomb:1   | Noticed a greater mummy
 83360 | Tomb:1   | Killed a greater mummy
 83534 | Tomb:1   | Noticed a greater mummy
 83538 | Tomb:1   | Killed a greater mummy
 83546 | Tomb:1   | Noticed a greater mummy
 83561 | Tomb:1   | Your ally Mogil died
 83562 | Tomb:1   | Killed a greater mummy
 84047 | Tomb:1   | Your ally Arphi died
 84110 | Tomb:1   | Reached skill level 15 in Shields
 84957 | Tomb:2   | Noticed a greater mummy
 84958 | Tomb:2   | Noticed a greater mummy
 84958 | Tomb:2   | Noticed a greater mummy
 84958 | Tomb:2   | Noticed a greater mummy
 85340 | Tomb:1   | Killed a greater mummy
 85460 | Tomb:2   | Killed a greater mummy
 85464 | Tomb:1   | Killed a greater mummy
 85464 | Tomb:1   | Reached XP level 27. HP: 80/159 MP: 4/47
 85632 | Tomb:1   | Killed a greater mummy
 86018 | Tomb:1   | Noticed a greater mummy
 86022 | Tomb:1   | Killed a greater mummy
 86023 | Tomb:1   | Noticed a greater mummy
 86024 | Tomb:1   | Killed a greater mummy
 86026 | Tomb:1   | Noticed a greater mummy
 86028 | Tomb:1   | Killed a greater mummy
 86033 | Tomb:1   | Noticed a greater mummy
 86181 | Tomb:1   | Killed a greater mummy
 86200 | Tomb:1   | Noticed a greater mummy
 86231 | Tomb:1   | Noticed a greater mummy
 86236 | Tomb:1   | Killed a greater mummy
 86236 | Tomb:1   | Lost dexterity.
 86237 | Tomb:1   | Killed a greater mummy
 86670 | D:15     | Reached skill level 15 in Air Magic
 86687 | Depths:1 | Entered Level 1 of the Depths
 86970 | Depths:1 | Noticed Saint Roka
 86972 | Depths:1 | Killed Saint Roka
 87051 | Depths:1 | Reached skill level 21 in Conjurations
 87306 | Depths:1 | Noticed an ancient lich
 87308 | Depths:1 | Found a gateway to a ziggurat.
 87308 | Depths:1 | Noticed an ancient lich
 87320 | Depths:1 | Killed an ancient lich
 87320 | Depths:1 | Killed an ancient lich
 87592 | Depths:1 | Found a gateway to Hell.
 89215 | Tomb:1   | Noticed a greater mummy
 89219 | Tomb:1   | Killed a greater mummy
 89339 | Tomb:1   | Noticed a greater mummy
 89342 | Tomb:1   | Noticed a greater mummy
 89343 | Tomb:1   | Killed a greater mummy
 89349 | Tomb:1   | Killed a greater mummy
 89353 | Tomb:1   | Noticed a greater mummy
 89619 | Tomb:1   | Killed a greater mummy
 89663 | Tomb:1   | Noticed a greater mummy
 89669 | Tomb:1   | Killed a greater mummy
 89854 | Tomb:1   | Noticed a greater mummy
 89859 | Tomb:1   | Killed a greater mummy
 89868 | Tomb:1   | Noticed a greater mummy
 89869 | Tomb:1   | Killed a greater mummy
 89870 | Tomb:1   | Noticed a greater mummy
 89870 | Tomb:1   | Killed a greater mummy
 89872 | Tomb:1   | Noticed a greater mummy
 89873 | Tomb:1   | Killed a greater mummy
 90713 | Tomb:3   | Entered Level 3 of the Tomb of the Ancients
 90727 | Tomb:3   | Reached skill level 22 in Conjurations
 90754 | Tomb:3   | Noticed an ancient lich
 90756 | Tomb:3   | Killed an ancient lich
 91013 | Tomb:3   | Got a smoking ring mail
 91014 | Tomb:3   | Identified the +4 ring mail "Ragiyd" {rC+ Int+4} (You found it on level 3 of the Tomb of the Ancients)
 91029 | Tomb:3   | Got a golden rune of Zot
 91075 | Tomb:3   | Got an ancient ice dragon armour
 91076 | Tomb:3   | Identified the +7 ice dragon armour "Diphob" {rPois rF- rC++ Dex+4 Stlth-} (You found it on level 3 of the Tomb of the Ancients)
 91151 | Tomb:3   | Got a clouded steel ring
 91152 | Tomb:3   | Identified the ring "Ruimucah" {rPois rN+} (You found it on level 3 of the Tomb of the Ancients)
 91158 | Tomb:3   | Got a brightly glowing lead ring
 91160 | Tomb:3   | Identified the ring of the Raven {Ice *Contam +Inv rPois rN+} (You found it on level 3 of the Tomb of the Ancients)
 91169 | Tomb:3   | Identified the Volume of Aid (You found it on level 3 of the Tomb of the Ancients)
 91181 | Tomb:3   | Got a polished morningstar
 91182 | Tomb:3   | Identified the +9 morningstar of the Crawling Thing {speed, rC++} (You found it on level 3 of the Tomb of the Ancients)
 91194 | Tomb:3   | Got a clouded crystal amulet
 91195 | Tomb:3   | Identified the amulet "Risch" {Gourm rElec Str-4 Dex+2} (You found it on level 3 of the Tomb of the Ancients)
 91210 | Tomb:3   | Gained mutation: You are surrounded by a mild repulsion field (EV +2). [potion of mutation]
 91210 | Tomb:3   | Gained mutation: You are partially covered in large bone plates (AC +2, SH +2). [potion of mutation]
 91210 | Tomb:3   | Gained mutation: You can spit weak poison. [potion of mutation]
 91353 | Tomb:3   | Got a glittering wooden ring
 91355 | Tomb:3   | Identified the ring "Dotwumot" {MR+ AC+1 Str+3} (You found it on level 3 of the Tomb of the Ancients)
 91371 | Tomb:3   | Gained mutation: You can spit poison. [potion of mutation]
 91371 | Tomb:3   | Gained mutation: Your flesh is cold resistant. [potion of mutation]
 92765 | Hell     | Entered the Vestibule of Hell
 92765 | Hell     | Noticed Geryon
 92773 | Hell     | Killed Geryon
 94475 | Depths:3 | Found a large runed door.
 94479 | Depths:3 | Found a large runed door.
 94570 | Depths:3 | Found a snail-covered altar of Cheibriados.
 94703 | Depths:3 | Reached skill level 23 in Conjurations
 94931 | Depths:3 | Found a large runed door.
 94935 | Depths:3 | Found a large runed door.
 94937 | Depths:3 | Found a large runed door.
 94975 | Depths:3 | Found a one-way gate leading to the halls of Pandemonium.
 95047 | Depths:3 | Found a large runed door.
 95051 | Depths:3 | Found a large runed door.
 95185 | Depths:3 | Found a large runed door.
 96908 | Depths:4 | Found a one-way gate to the infinite horrors of the Abyss.
 96913 | Depths:4 | Identified a +1 rod of the swarm (10/10) (You took it off an ogre mage on level 4 of the Depths)
 98088 | Depths:5 | Entered Level 5 of the Depths
 98195 | Depths:5 | Reached skill level 15 in Earth Magic
 98602 | Depths:5 | Found a gate to the Realm of Zot.
 99189 | Depths:5 | Found a sparkling altar of Nemelex Xobeh.
 99449 | Depths:5 | Reached skill level 24 in Conjurations
 99522 | Depths:5 | Reached skill level 15 in Stealth
 99644 | Zot:1    | Entered Level 1 of the Realm of Zot
100438 | Zot:1    | Reached skill level 15 in Fighting
100949 | Zot:1    | Noticed Tiamat
100987 | Zot:1    | Killed Tiamat
101313 | Zot:1    | Got a wavering bone ring
101315 | Zot:1    | Identified the ring "Koables" {Wiz +Inv rF- MP+9 Str+4} (You found it on level 1 of the Realm of Zot)
101507 | Zot:1    | Got a bound platinum amulet
101509 | Zot:1    | Identified the amulet of Midwinter {Ward +Blink rN+ Str+3} (You took it off Tiamat on level 1 of the Realm of Zot)
103559 | Zot:2    | Noticed an orb of fire
103793 | Zot:2    | Gained mutation: Scrolls take you a little longer to read. [an orb of fire]
103795 | Zot:2    | Gained mutation: You tend to lose your temper in combat. [an orb of fire]
104128 | Zot:2    | Killed an orb of fire
104404 | Zot:2    | Got a pair of ichor-stained gloves
104415 | Zot:2    | Identified the +2 pair of gloves of Dotit {rPois Stlth+} (You acquired it on level 2 of the Realm of Zot)
106333 | Zot:4    | Reached skill level 25 in Conjurations
106488 | Zot:4    | Noticed an ancient lich
106492 | Zot:4    | Killed an ancient lich
107712 | Zot:4    | Learned a level 7 spell: Spellforged Servitor
108352 | Zot:5    | Entered Level 5 of the Realm of Zot
108832 | Zot:5    | Noticed an ancient lich
108835 | Zot:5    | Killed an ancient lich
108860 | Zot:5    | Noticed an orb of fire
108950 | Zot:5    | Killed an orb of fire
109433 | Hell     | Found a gateway to the Iron City of Dis.
109457 | Hell     | Found a gateway to the freezing wastes of Cocytus.
109543 | Coc:1    | Entered Level 1 of Cocytus
110474 | Coc:2    | Reached skill level 15 in Dodging
110635 | Coc:7    | Entered Level 7 of Cocytus
111149 | Coc:7    | Reached skill level 26 in Conjurations
112219 | Coc:7    | Reached skill level 5 in Maces & Flails
112571 | Coc:7    | Reached skill level 1 in Armour
112801 | Coc:7    | Noticed Antaeus
113198 | Coc:7    | Got an icy rune of Zot
113267 | Coc:7    | Killed Antaeus
113397 | Coc:7    | Identified Bolalor's Reference Book on Air and Evil Rites
113402 | Coc:7    | Lost mutation: You can spit poison. [helix card]
113402 | Coc:7    | Gained mutation: You are agile. (Dex +2) [helix card]
113820 | Hell     | Found a gateway to the decaying netherworld of Tartarus.
114108 | Depths:4 | Voluntarily entered the Abyss.
114125 | Abyss:2  | Found a corrupted altar of Lugonu.
114739 | Abyss:3  | Gained mutation: Your body sometimes deteriorates upon taking damage. [a neqoxec]
115253 | Abyss:3  | Got a translucent helmet
115256 | Abyss:3  | Identified the +1 helmet of Athri {rF+ Regen+} (You found it on level 3 of the Abyss)
115281 | Abyss:3  | Found a corrupted altar of Lugonu.
115838 | Abyss:3  | Got an abyssal rune of Zot
115914 | Depths:4 | Escaped the Abyss
116271 | Zig:1    | Entered Level 1 of a ziggurat
116306 | Zig:2    | Entered Level 2 of a ziggurat
116329 | Zig:3    | Entered Level 3 of a ziggurat
116353 | Zig:4    | Entered Level 4 of a ziggurat
116372 | Zig:4    | Got a blackened shield
116385 | Zig:4    | Identified the cursed +0 shield of Compression {-Tele rElec Int+3} (You found it on level 4 of a ziggurat)
116403 | Zig:5    | Entered Level 5 of a ziggurat
116432 | Zig:5    | Got a scintillating iron amulet
116439 | Zig:5    | Identified the amulet "Zitisec" {Stasis *Drain rF+ Str+3} (You found it on level 5 of a ziggurat)
116473 | Zig:6    | Entered Level 6 of a ziggurat
116492 | Zig:6    | Identified the Volume of Destiny
116494 | Zig:6    | Got a faintly glowing glass ring
116497 | Zig:6    | Identified the ring of Faesain {EV+4 Str+6 Int-3} (You found it on level 6 of a ziggurat)
116516 | Zig:7    | Entered Level 7 of a ziggurat
116550 | Zig:7    | Got a scintillating brass ring
116553 | Zig:7    | Identified the ring "Luosung Xeta" {rPois rF+++ Int+3 Dex-5 Slay-3} (You found it on level 7 of a ziggurat)
116592 | Zig:8    | Entered Level 8 of a ziggurat
116671 | Zig:8    | Got a crystal great mace
116674 | Zig:8    | Identified the cursed +1 great mace "Budofees" {pain, rN+ SInv Stlth+} (You found it on level 8 of a ziggurat)
116752 | Zig:9    | Entered Level 9 of a ziggurat
116783 | Zig:9    | Identified a cursed +7 rod of ignition (11/11) (You took it off a zombie on level 9 of a ziggurat)
116812 | Zig:10   | Entered Level 10 of a ziggurat
116858 | Zig:11   | Entered Level 11 of a ziggurat
117040 | Zig:12   | Entered Level 12 of a ziggurat
117119 | Zig:12   | Got an ichor-stained mace
117122 | Zig:12   | Identified the cursed +2 mace "Itiargh" {crush, MR+} (You found it on level 12 of a ziggurat)
117218 | Zig:13   | Entered Level 13 of a ziggurat
117274 | Zig:13   | Reached skill level 10 in Maces & Flails
117445 | Zig:13   | Identified Cesyleu's Volume of Calling (You found it on level 13 of a ziggurat)
117468 | Zig:14   | Entered Level 14 of a ziggurat
117665 | Zig:14   | Learned a level 8 spell: Chain Lightning
117687 | Zig:15   | Entered Level 15 of a ziggurat
117755 | Zig:15   | Got a scorched shield
117758 | Zig:15   | Identified the cursed -9 shield of Evolution {+Blink rC++} (You found it on level 15 of a ziggurat)
117769 | Zig:15   | Identified the Tome of Dark Rites and the Compass
117776 | Zig:15   | Reached skill level 5 in Evocations
117796 | Zig:15   | Got a brightly glowing silver ring
117799 | Zig:15   | Identified the cursed ring "Uwaoc" {Str-3 Int+3 Dex-4 Slay+3} (You found it on level 15 of a ziggurat)
117887 | Zig:16   | Entered Level 16 of a ziggurat
117913 | Zig:16   | Noticed an ancient lich
117924 | Zig:16   | Killed an ancient lich
117924 | Zig:16   | Reached skill level 15 in Maces & Flails
118050 | Zig:16   | Identified the Incunabulum of Ashen Boosts (You found it on level 16 of a ziggurat)
118059 | Zig:16   | Learned a level 7 spell: Ring of Flames
118088 | Zig:17   | Entered Level 17 of a ziggurat
118120 | Zig:17   | Reached skill level 27 in Conjurations
118156 | Zig:17   | Got a fine whip
118159 | Zig:17   | Identified the cursed +1 whip of Qitunaus {slash, +Rage} (You found it on level 17 of a ziggurat)
118194 | Zig:17   | Got a coiled brass ring
118197 | Zig:17   | Identified the ring of Ymam {-Tele +Fly rC+++ rN+ Int-2} (You found it on level 17 of a ziggurat)
118209 | Zig:17   | Got a steaming steel amulet
118212 | Zig:17   | Identified the amulet "Culadd" {Ward rElec rN+ Str+4 Int-3} (You found it on level 17 of a ziggurat)
118237 | Zig:18   | Entered Level 18 of a ziggurat
118256 | Zig:18   | Reached skill level 1 in Summonings
118444 | Zig:18   | Got a sparkling lapis lazuli ring
118447 | Zig:18   | Identified the ring of the Messenger {rF+ rN+ MR+ Str+2 Dex+4} (You found it on level 18 of a ziggurat)
118467 | Zig:18   | Got a vibrating steel ring
118470 | Zig:18   | Identified the cursed ring "Edyrgh" {rC- rN++ Slay-2} (You found it on level 18 of a ziggurat)
118486 | Zig:19   | Entered Level 19 of a ziggurat
118504 | Zig:19   | Noticed Nucemej the pandemonium lord
118551 | Zig:20   | Entered Level 20 of a ziggurat
118866 | Zig:20   | Got a shimmering silver ring
118870 | Zig:20   | Identified the ring "Quolimid" {-Tele Str+2 Int+11} (You found it on level 20 of a ziggurat)
118909 | Zig:21   | Entered Level 21 of a ziggurat
118947 | Zig:21   | Noticed an ancient lich
118950 | Zig:21   | Noticed an ancient lich
118950 | Zig:21   | Killed an ancient lich
118952 | Zig:21   | Killed an ancient lich
118961 | Zig:21   | Reached skill level 5 in Charms
119197 | Zig:21   | Got a slimy brass ring
119200 | Zig:21   | Identified the ring "Yphobliu" {MR+ Stlth+} (You found it on level 21 of a ziggurat)
119221 | Zig:22   | Entered Level 22 of a ziggurat
119240 | Zig:22   | Noticed an ancient lich
119243 | Zig:22   | Reached skill level 10 in Evocations
119244 | Zig:22   | Noticed an ancient lich
119244 | Zig:22   | Killed an ancient lich
119245 | Zig:22   | Noticed an ancient lich
119245 | Zig:22   | Noticed an ancient lich
119258 | Zig:22   | Killed an ancient lich
119262 | Zig:22   | Killed an ancient lich
119269 | Zig:22   | Noticed an ancient lich
119272 | Zig:22   | Killed an ancient lich
119273 | Zig:22   | Blown up by an ancient lich

Vault maps used:
D:1:      ldierk_walled_garden_2
D:2:      grunt_ministairs_11
D:3:      grunt_temple_overflow_open, first_bread, minivault_11,
          dk_yredelemnul_ordeal, uniq_robin
D:4:      small_statue_intersection, okawaru_gym_becter, uniq_edmund,
          uniq_eustachio
D:5:      nicolae_overflow_crystal_walls, minmay_temple_entry_overgrown,
          uniq_blork_the_orc
D:6:      kennysheep_mini_moat
D:7:      hex_large
D:8:      grunt_lair_entry_elf_guard_hut, serial_shops, shop
D:9:      tso_metal_star, kiku_gazebo_garden_becter
D:10:     orc_0_dummy, hangedman_ranch, uniq_maud
D:11:     lab_entry_generic, serial_shops, nicolae_shop_stone,
          nicolae_shop_competitors_out_of_business, xom_redecorated, uniq_snorg
D:12:     minmay_triangles_in_corner, serial_shops, nicolae_shop_trees,
          portal_ice_cave_entry_pillars_02, minmay_misc_feat_square, uniq_rupert
D:13:     thingy_vault, basic_altar, minmay_rotating_lava, uniq_frances,
          uniq_maurice
D:14:     erik_vaults_2, minmay_misc_feat_plants, uniq_sonja
D:15:     gammafunk_depths_entry_grave, minivault_19, basic_altar
Temple:   circular_temple_pool_8
Lair:1:   mu_elephants_graveyard
Lair:2:   st_stairs_4, lemuel_fruit_fields, grunt_megastairs_1
Lair:3:   serial_forest, infiniplex_forest_corner_1,
          infiniplex_forest_clump_diagonal, infiniplex_forest_straight_3,
          infiniplex_forest_clump_tiny, infiniplex_forest_straight_4,
          infiniplex_staircase_pool, uniq_gastronok
Lair:5:   minmay_shoals_entry_centaurs, hangedman_lair_generics_rect
Lair:6:   minmay_snake_entry_guardpost_small, slime_altar_1,
          kennysheep_snail_temple, lemuel_fruit_fields
Lair:7:   minmay_holes
Lair:8:   guppyfry_lair_end_dragon, hangedman_lair_in_review, st_stairs_9
Shoals:2: serial_shops, nicolae_shop_behind_doors, st_sunken_huts, uniq_jorgrun
Shoals:3: serial_shops, shop
Shoals:4: shoals_end_hangedman, shoal_ilsuiw, uniq_polyphemus
Snake:2:  basic_altar, nrook_loot_triangle, nrook_guardian_serpent_double,
          uniq_vashnia
Snake:3:  serial_shops, nicolae_shop_overgrown_old_shop, grunt_ministairs_1,
          spider_trap, uniq_azrael, uniq_aizul, uniq_roxanne
Snake:4:  snake_pit_salamanders_mu, serial_bayou_shore_b, uniq_agnes
Slime:2:  cheibrodos_slime_lost_civilization_7
Slime:4:  nicolae_slime_welcoming_committee
Orc:2:    serial_shops, nicolae_shop_statue_plus, uniq_fannar, uniq_josephine
Orc:3:    nicolae_orc_pool_cavern
Orc:4:    st_orc_mages, nicolae_volcano_entry_lava_flow
Elf:1:    hangedman_elf_represent, minivault_16, glass_columns_b
Elf:2:    serial_shops, shop, basic_altar, st_stairs_12
Elf:3:    minmay_elf_hall_four_x, uniq_donald
Vaults:1: ontoclasm_vaults_ring_square, nicolae_vaults_murderbox, v_misc_3,
          vaults_room_grunt_arrival_ludios, nicolae_vaults_stairing_the_circle,
          v_alt_pattern_5, v_misc_19, nicolae_vaults_little_squares_2,
          dpeg_vaults_monster_box, vaults_dpeg_ring, serial_shops, shop_statue,
          uniq_asterion
Vaults:2: v_alt_pattern_6, v_misc_28, ontoclasm_vaults_loading_screen,
          nicolae_vaults_ring_of_whatevers, serial_ice_b,
          nicolae_vaults_hallways_thing, vaults_room_pools,
          minmay_crypt_entry_simple_walls, v_rooms_2, grunt_vaults_diagonal,
          hangedman_vaults_maws, vaults_mumra_lcd, v_misc_15,
          ontoclasm_vaults_idyll, vaults_dpeg_doors,
          nicolae_vaults_little_squares_6
Vaults:3: nicolae_vaults_border_crossing,
          nicolae_vaults_windows_and_doors_thing, grunt_vaults_focal,
          nicolae_vaults_twisting_passages, nicolae_vaults_arrows, v_pattern_5,
          nicolae_vaults_branching_niches, v_misc_15, hangedman_vaults_nails,
          serial_shops, shop
Vaults:4: grunt_vaults_bifocal, vaults_room_ringed_pool, v_misc_27, v_misc_24,
          ontoclasm_vaults_decontamination, vaults_mumra_hex,
          nicolae_vaults_ring_of_whatevers, v_misc_2,
          nicolae_vaults_little_squares_5, enter_trove_2
Vaults:5: serial_shops
Crypt:1:  serial_sigils_hangedman_leer, st_stairs_14, uniq_frederick
Crypt:2:  mu_enter_wizlab_7
Crypt:3:  lightli_unholy_cathedral, uniq_margery
Depths:1: enter_ziggurat_d, minmay_misc_feat_nine_boxes, hell_entry,
          minmay_crystal_water, minmay_misc_feat_room,
          kennysheep_generic_room_9, uniq_saint_roka
Depths:2: grunt_runaround, hell_entry
Depths:3: minmay_five_octagons, hell_entry, cheibriados_altar_1,
          rand_demon_pan_entry_7, minmay_staircase_statues
Depths:4: minmay_box_of_statues, hangedman_decor_clover_reticule,
          lightli_too_deep, special_room, pan_entry, abyss_entry,
          columned_hall_lemuel, minmay_guarded_unrand_zonguldrok,
          minmay_staircase_bubble, serial_bayou_shore_b
Depths:5: evilmike_zot_entry_round, dk_noncrumbling_3, hell_entry,
          nemelex_diamond_rough_becter
Coc:6:    grunt_deathspiral_small
Coc:7:    coc_old
Zot:1:    st_grand_hoard_of_tiamat
Zot:2:    zot_minivault_5, lemuel_elevator
Zot:4:    lemuel_lich_library
Abyss:2:  hangedman_summoners_spam
Zig:3:    ziggurat_loot_3
Zig:12:   ziggurat_pillar_centre_smoke
Zig:13:   ziggurat_pillar_centre_drop
Zig:17:   ziggurat_pillar_centre_oklobs
Zig:18:   ziggurat_loot_1
Zig:21:   ziggurat_pillar_centre_dead_trees
Zig:22:   ziggurat_pillar_centre_c
Lab:      labyrinth_mini_lab, nicolae_lab_t_cross
IceCv:    ice_cave_small_dragons
Volcano:  volcano_lake
WizLab:   wizlab_cloud

Action                   |  1- 3 |  4- 6 |  7- 9 | 10-12 | 13-15 | 16-18 | 19-21 | 22-24 | 25-27 || total
-------------------------+-------+-------+-------+-------+-------+-------+-------+-------+-------++-------
Melee: Unarmed           |    17 |       |       |       |       |       |       |       |       ||    17
       Club              |    51 |    35 |       |       |       |       |       |       |       ||    86
       Mace              |       |    22 |    11 |    91 |       |       |       |       |       ||   124
       Flail             |       |     6 |    14 |       |       |       |       |       |       ||    20
       Morningstar       |       |       |       |    16 |   128 |   212 |       |     6 |   798 ||  1160
       Staff             |       |       |       |       |       |       |     8 |    44 |   135 ||   187
       Knife             |       |       |       |       |       |       |       |    16 |    12 ||    28
 Cast: Shock             |    73 |    80 |   291 |   286 |   175 |   214 |    21 |    20 |    34 ||  1194
       Static Discharge  |     6 |    10 |    19 |    43 |   168 |   113 |    46 |    34 |     2 ||   441
       Repel Missiles    |     1 |       |     1 |     3 |     1 |     2 |     3 |       |       ||    11
       Lightning Bolt    |       |       |    14 |    70 |   361 |   322 |   294 |   406 |  1066 ||  2533
       Mephitic Cloud    |       |       |       |    24 |    26 |     2 |       |       |       ||    52
       Swiftness         |       |       |       |     2 |     1 |       |       |     2 |       ||     5
       Stone Arrow       |       |       |       |    50 |    20 |    18 |    20 |     2 |       ||   110
       Lee's Rapid Decon |       |       |       |       |     5 |    19 |       |     1 |     4 ||    29
       Poisonous Cloud   |       |       |       |       |       |    60 |     8 |    31 |    19 ||   118
       Ignite Poison     |       |       |       |       |       |    35 |     4 |    13 |    17 ||    69
       Conjure Ball Ligh |       |       |       |       |       |    59 |   189 |   114 |   151 ||   513
       Phase Shift       |       |       |       |       |       |     7 |    14 |    14 |    36 ||    71
       Lehudib's Crystal |       |       |       |       |       |       |    35 |    62 |   212 ||   309
       Stoneskin         |       |       |       |       |       |       |     4 |    13 |    34 ||    51
       Passage of Golubr |       |       |       |       |       |       |     1 |       |     2 ||     3
       Deflect Missiles  |       |       |       |       |       |       |       |     4 |     5 ||     9
       Fire Storm        |       |       |       |       |       |       |       |       |   769 ||   769
       Spellforged Servi |       |       |       |       |       |       |       |       |    23 ||    23
       Chain Lightning   |       |       |       |       |       |       |       |       |     7 ||     7
       Apportation       |       |       |       |       |       |       |       |       |     1 ||     1
 Abil: Fly               |       |       |       |       |     1 |       |       |       |     4 ||     5
       Stop Flying       |       |       |       |       |       |       |       |       |     4 ||     4
       Evoke Invisibilit |       |       |       |       |       |       |       |       |     1 ||     1
Evoke: Wand              |       |       |       |    10 |     3 |     2 |       |     4 |    14 ||    33
       Rod               |       |       |       |     2 |     2 |       |       |       |       ||     4
       Phial of floods   |       |       |       |       |       |       |       |     1 |     1 ||     2
       Deck              |       |       |       |       |       |       |       |       |    11 ||    11
       Fan of gales      |       |       |       |       |       |       |       |       |     2 ||     2
       Stone of tremors  |       |       |       |       |       |       |       |       |     1 ||     1
       Lamp of fire      |       |       |       |       |       |       |       |       |     1 ||     1
  Use: Scroll            |       |       |    11 |    11 |     6 |     9 |     5 |    12 |    68 ||   122
       Potion            |       |       |       |     4 |       |     1 |     4 |    14 |    25 ||    48
 Stab: Confused          |       |       |       |     3 |     1 |       |       |       |       ||     4
       Sleeping          |       |       |       |       |       |     2 |       |       |     2 ||     4
       Distracted        |       |       |       |       |       |       |       |       |     4 ||     4
  Eat: Chunk             |     6 |     6 |    22 |    23 |    41 |    39 |    27 |    39 |    64 ||   267
       Fruit             |       |     1 |       |       |       |       |     4 |     4 |     3 ||    12
       Beef jerky        |       |       |     1 |     3 |       |     2 |     2 |     3 |    11 ||    22
       Royal jelly       |       |       |       |     2 |       |     2 |       |       |     3 ||     7
       Meat ration       |       |       |       |       |     1 |       |     2 |       |    10 ||    13
       Bread ration      |       |       |       |       |       |     1 |     3 |     2 |    13 ||    19
       Pizza             |       |       |       |       |       |     1 |     1 |     2 |     8 ||    12
